 Dungeon Crawl Stone Soup version 0.30-a0-779-g7971cf19c3 (webtiles) character file.

Game seed: 17157294408674436628

5869 DEFE the Fighter (level 10, -2/80 HPs)
             Began as a Demonspawn Wanderer on Feb 17, 2023.
             Was a High Priest of Okawaru.
             Slain by a death yak (21 damage)
             ... on level 8 of the Dungeon.
             The game lasted 00:07:25 (7447 turns).

DEFE the Fighter (Demonspawn Wanderer)              Turns: 7447, Time: 00:07:25

Health: -2/80      AC: 19    Str: 17    XL:     10   Next: 52%
Magic:  11/11      EV:  9    Int: 15    God:    Okawaru [*****.]
Gold:   455        SH:  0    Dex: 11    Spells: 10/11 levels left

rFire   . . .      SeeInvis .    a - +1 quarterstaff (flame)
rCold   . . .      Faith    .    (shield currently unavailable)
rNeg    . . .      Spirit   .    g - +0 chain mail
rPois   +          Reflect  .    (helmet restricted)
rElec   .          Harm     .    A - +0 cloak
rCorr   .          Rampage  .    (no gloves)
Will    .....                    (no boots) Stlth
                                 (no amulet)
HPRegen 0.33/turn                m - ring of poison resistance
MPRegen 0.12/turn                F - +4 ring of protection

@: heroic
A: horns 1, thin metallic scales 1, spiny 3, demonic magic 2
a: Renounce Religion, Heroism, Finesse, Duel


You were on level 8 of the Dungeon.
You worshipped Okawaru.
Okawaru was extremely pleased with you.
You visited 2 branches of the dungeon, and saw 9 of its levels.
You also visited: Sewer.

You collected 455 gold pieces.

Inventory:

Hand Weapons
 a - a +1 quarterstaff of flaming (weapon)
 r - a +0 whip of electrocution
 z - a +3 trident
Missiles
 y - 2 throwing nets
Armour
 c - a +0 robe
 g - a +0 chain mail (worn)
 A - a +0 cloak (worn)
Jewellery
 m - a ring of poison resistance (left hand)
 s - a +6 ring of intelligence
 x - a ring of positive energy
 F - a +4 ring of protection (right hand)
 K - an amulet of faith
 L - a ring of positive energy
Wands
 e - a wand of flame (31)
 l - a wand of roots (6)
 p - a wand of paralysis (12)
 G - a wand of mindburst (17)
Scrolls
 d - a scroll of immolation
 h - 3 scrolls of magic mapping
 i - 3 scrolls of fear
 j - a scroll of blinking
 k - 4 scrolls of teleportation
 t - a scroll of noise {unknown}
 v - a scroll of poison {unknown}
 B - a scroll of enchant weapon {unknown}
 C - a scroll of butterflies {unknown}
 I - a scroll of fog {unknown}
 M - 2 scrolls of identify
Potions
 b - 4 potions of lignification
 f - 5 potions of might
 n - a potion of berserk rage {unknown}
 o - 3 potions of mutation {unknown}
 q - a potion of ambrosia {unknown}
 u - 4 potions of curing {unknown}
 w - a potion of flight {unknown}
 D - a potion of magic {unknown}
 E - a potion of haste {unknown}
 H - 2 potions of heal wounds {unknown}
 J - a potion of degeneration {unknown}


   Skills:
 - Level 8.0(13.0) Fighting
 + Level 7.5(13.2) Maces & Flails
 - Level 5.0(12.0) Staves
 - Level 1.0(6.0) Throwing
 - Level 6.1(11.1) Armour
 - Level 1.0 Spellcasting
 - Level 1.7 Transmutations
 - Level 2.4 Invocations
 - Level 7.0 Evocations


You had 10 spell levels left.
You knew the following spells:

 Your Spells              Type           Power      Damage    Failure   Level
a - Sting                 Tmut/Pois      12%        1d3       83%         1

Your spell library contained the following spells:

 Spells                   Type           Power      Damage    Failure   Level
 Necrotise                Necr           0%         1d4       91%         1
 Slow                     Hex            0%         N/A       91%         1
 Passwall                 Tmut/Erth      2%         N/A       93%         2
 Confusing Touch          Hex            0%         N/A       100%        3
 Frozen Ramparts          Ice            0%         1d1       100%        3
 Portal Projectile        Hex/Tloc       0%         N/A       100%        3
 Vampiric Draining        Necr           0%         2d6       100%        3
 Ice Form                 Ice/Tmut       3%         N/A       100%        4
 Leda's Liquefaction      Hex/Erth       0%         N/A       100%        4
 Petrify                  Tmut/Erth      3%         N/A       100%        4
 Agony                    Necr           0%         N/A       100%        5
 Starburst                Conj/Fire      0%         6d3       100%        6
 Storm Form               Tmut/Air       1%         N/A       100%        7
 Maxwell's Capacitive Co  Air            0%         ∞         100%        8
 Call Canine Familiar     Summ           Unusable   N/A       N/A         3
 Summon Ice Beast         Ice/Summ       Unusable   N/A       N/A         4
 Summon Lightning Spire   Summ/Air       Unusable   N/A       N/A         4
 Spellforged Servitor     Conj/Summ      Unusable   N/A       N/A         7

Dungeon Overview and Level Annotations

Branches:
Dungeon (8/15)             Temple (1/1) D:4            Lair (0/5) D:8
  Sewer (visited)

Altars:
Ashenzari
Cheibriados
Dithmenos
Gozag
Hepliaklqana
Kikubaaqudgha
Makhleb
Nemelex Xobeh
Okawaru
Ru
Sif Muna
Trog
Uskayaw
Vehumet
Wu Jian
Xom
Yredelemnul

Shops:
D:1 ?   D:3 :


Innate Abilities, Weirdness & Mutations

You have a pair of small horns on your head.
You are partially covered in thin metallic scales. (AC +2)
You are completely covered in sharp spines.
Spells you cast may paralyse nearby enemies.


Message History

You take 17 damage, and have 32/80 hp.
MASSIVE DAMAGE!!
You hit the death yak. You burn the death yak.
The grasping roots constrict the death yak!
The grasping roots constrict the death yak.
The death yak gores you.
You take 5 damage, and have 27/80 hp.
Unknown command.
You hit the death yak. You burn the death yak.
The grasping roots constrict the death yak.
You kill the death yak!
Okawaru is honoured by your kill. Okawaru grants you a weapon!
Something appears at your feet!
You see here the +2 quarterstaff of Gufean {heavy, Int+4 Dex-2}.
The grasping roots constrict the death yak!
The roots release their grip on the death yak.
Your base Maces & Flails skill increases to level 7!
Aim: a death yak (moderately wounded)
The roots erupt in riotous growth!
Roots grab the death yak. x2
The grasping roots constrict the death yak. x2
The death yak escapes!
You hit the death yak but do no damage. You headbutt the death yak!
The grasping roots constrict the death yak.
The roots release their grip on the death yak.
The death yak is struck by your spines. The death yak gores you!
* * * LOW HITPOINT WARNING * * *
You take 9 damage, and have 18/80 hp.
MP restored: 11 Unknown command.
Hit: a) +1 quarterstaff (flame)
Aim: a death yak (heavily wounded, about 16% to evade your +1 quarterstaff of flaming)
Okay, then.
Aim: a death yak (heavily wounded)
The roots erupt in riotous growth!
Roots grab the death yak. x2
The grasping roots constrict the death yak. x2
The death yak is struck by your spines. The death yak gores you!!
You die...

###.#...).......................#
.....().[..#.######.............#
.Y.........#.###.....######...Y..
)...#.)...#......###.....##......
)Y..#............#######.##.....#
............####..##.............
.Y.[.##.....# ##.....##.........
[.))Y#......#######.#............
[.....>.......YY@...##...........
.###.##.....#########..........>.
.#...#.....## #............
##.#......)# #......#..... ..
####....# #............ . ######
#............ ##...........
##.......... ###########


You could see 2 death yaks.

Vanquished Creatures
  4 death yaks
  A hornet (D:8)
  A shadow (D:6)
  A wyvern (D:8)
  Eustachio (D:5)
  A sky beast (D:7)
  An ice beast (D:5)
  An orc warrior (D:8)
  A black bear (D:5)
  4 centaurs
  2 phantoms
  2 kobold brigands
  3 bullfrogs
  A gnoll sergeant (D:8)
  3 scorpions
  3 wights
  2 howler monkeys (D:8)
  6 orc priests
  7 hounds
  2 jellies
  A gnoll bouda (D:6)
  4 iguanas
  13 orc wizards
  17 gnolls
  8 adders
  A river rat (D:6)
  A shadow imp (D:8)
  2 ufetubi
  3 worms
  3 dart slugs (D:2)
  27 orcs
  4 endoplasms
  10 giant cockroaches
  10 hobgoblins
  3 jackals (D:1)
  8 quokkas
  16 ball pythons
  7 bats
  10 frilled lizards
  13 goblins
  14 kobolds
  6 rats
228 creatures vanquished.

Notes
Turn   | Place    | Note
-------+----------+-------------------------------------------
     0 | D:1      | DEFE the Demonspawn Wanderer began the quest for the Orb.
     0 | D:1      | DEFE set off with the following items: a +1 quarterstaff, a
                  | potion of lignification, a +0 robe; and the following spell
                  | memorised: Sting; and the following spells available to
                  | memorise: Passwall, Petrify.
     0 | D:1      | Reached XP level 1. HP: 16/16 MP: 2/2
   242 | D:1      | Gained mutation: You are partially covered in sharp spines.
                  | [demonic ancestry]
   242 | D:1      | Reached XP level 2. HP: 22/22 MP: 3/3
   291 | D:1      | Found Xosaitsy's Magic Scroll Shoppe.
   462 | D:1      | Found a faded altar of an unknown god.
   789 | D:2      | Gained mutation: You are mostly covered in sharp spines.
                  | [demonic ancestry]
   789 | D:2      | Reached XP level 3. HP: 28/28 MP: 4/4
  1133 | D:2      | Reached XP level 4. HP: 14/34 MP: 5/5
  1136 | D:2      | Reached skill level 3 in Fighting
  1555 | D:3      | Gained mutation: You are partially covered in thin metallic
                  | scales. (AC +2) [demonic ancestry]
  1555 | D:3      | Reached XP level 5. HP: 7/41 MP: 6/6
  1985 | D:3      | Found Joatafigg's Book Boutique.
  2308 | D:4      | Reached skill level 1 in Evocations
  2324 | D:4      | Reached skill level 4 in Fighting
  2613 | D:4      | Reached XP level 6. HP: 40/48 MP: 7/7
  2687 | D:4      | Found a staircase to the Ecumenical Temple.
  2703 | Temple   | Entered the Ecumenical Temple
  2727 | Temple   | Became a worshipper of Warmaster Okawaru
  2798 | D:4      | Reached skill level 1 in Armour
  2907 | D:5      | Entered Level 5 of the Dungeon
  3145 | D:5      | Gained mutation: You have a pair of small horns on your
                  | head. [demonic ancestry]
  3145 | D:5      | Reached XP level 7. HP: 50/55 MP: 8/8
  3589 | D:5      | Noticed Eustachio
  3595 | D:5      | Killed Eustachio
  3595 | D:5      | Reached * piety under Okawaru
  3596 | D:5      | Reached skill level 5 in Staves
  3639 | D:5      | Reached skill level 5 in Fighting
  4230 | D:5      | Gained mutation: Spells you cast may paralyse adjacent
                  | enemies. [demonic ancestry]
  4230 | D:5      | Reached XP level 8. HP: 51/63 MP: 9/9
  4559 | D:6      | Found a glowing drain.
  4601 | Sewer    | Entered a sewer
  4634 | Sewer    | Reached ** piety under Okawaru
  4759 | Sewer    | Reached skill level 6 in Fighting
  4808 | Sewer    | Got Sif Muna's Book of Tropical Convocation
  5225 | D:6      | Found a bloodstained altar of Trog.
  5241 | D:6      | Reached skill level 5 in Evocations
  5346 | D:6      | Found an ornate altar of the Wu Jian Council.
  5346 | D:6      | Found a shimmering blue altar of Sif Muna.
  5348 | D:6      | Found a snail-covered altar of Cheibriados.
  5662 | D:6      | Gained mutation: You are completely covered in sharp
                  | spines. [demonic ancestry]
  5662 | D:6      | Reached XP level 9. HP: 37/69 MP: 10/10
  5664 | D:6      | Reached skill level 7 in Fighting
  5664 | D:6      | Reached skill level 5 in Armour
  5825 | D:7      | Reached *** piety under Okawaru
  5895 | D:7      | Identified the +1 robe of Conscience {rN++}
  6262 | D:7      | Found a hazy altar of Hepliaklqana.
  6262 | D:7      | Found a radiant altar of Vehumet.
  6632 | D:8      | Reached skill level 8 in Fighting
  6848 | D:8      | Reached skill level 1 in Maces & Flails
  6852 | D:8      | Reached **** piety under Okawaru
  6986 | D:8      | Found a sparkling altar of Nemelex Xobeh.
  7110 | D:8      | Noticed a death yak
  7111 | D:8      | Noticed a death yak
  7112 | D:8      | Noticed a death yak
  7112 | D:8      | Noticed a death yak
  7112 | D:8      | Noticed a death yak
  7161 | D:7      | Killed a death yak
  7162 | D:7      | Gained mutation: Spells you cast may paralyse nearby
                  | enemies. [demonic ancestry]
  7162 | D:7      | Reached XP level 10. HP: 36/80 MP: 11/11
  7335 | D:8      | Found a staircase to the Lair.
  7411 | D:8      | Noticed a death yak
  7433 | D:8      | Killed a death yak
  7434 | D:8      | Reached skill level 5 in Maces & Flails
  7439 | D:8      | Killed a death yak
  7439 | D:8      | Reached ***** piety under Okawaru
  7444 | D:8      | Killed a death yak
  7444 | D:8      | Identified the +2 quarterstaff of Gufean {heavy, Int+4
                  | Dex-2} (Okawaru gifted it to you on level 8 of the Dungeon)
  7444 | D:8      | Received a gift from Okawaru
  7447 | D:8      | Slain by a death yak

Illustrated notes

Levels and vault maps discovered:
D:1:      eino_arrival_water_star, layout_loops_ring,
          chequers_ecumenical_altar_twisty, serial_shops, nicolae_shop_stone,
          minmay_cupped
D:2:      layout_loops_ring
D:3:      layout_loops_ring, serial_shops, nicolae_shop_hallway_plus
D:4:      layout_cave_pools, minmay_temple_entry_glassed_door
D:5:      corexii_shantytown, layout_basic, old_standard_altar, chequers_avenue,
          nicolae_concentric_dashed_squares_wild, kennysheep_flooded_box,
          uniq_eustachio
D:6:      layout_basic, chequers_temple_overflow_statue_of_worship,
          amcnicky_altar_gilded, cheibrodos_sewer_entry_sluice
D:7:      layout_rooms, gammafunk_temple_overflow_claw
D:8:      layout_rooms, mainiacjoe_overflow_chevrons, dpeg_lair_monsters
Temple:   minmay_temple_bridge_abc

Skill      XL: |  1  2  3  4  5  6  7  8  9 10 |
---------------+-------------------------------+-----
Staves         | 2 3 4 5 |  5.0
Fighting       | 3 4 5 6 8 |  8.0
Evocations     | 1 2 4 5 7 |  7.0
Armour         | 1 3 4 6 |  6.1
Maces & Flails | 4 7 |  7.5
Throwing       | |  1.0
Spellcasting   | |  1.0
Transmutations | |  1.7
Invocations    | |  2.4

Action                     |  1- 3 |  4- 6 |  7- 9 | 10-12 || total
---------------------------+-------+-------+-------+-------++-------
  Melee: Quarterstaff      |    62 |    94 |   243 |    17 ||   416
         Headbutt          |       |       |    45 |     8 ||    53
 Invoke: Heroism           |       |       |       |     1 ||     1
  Evoke: Wand              |       |       |     7 |     7 ||    14
    Use: Potion            |     1 |     1 |       |       ||     2
         Scroll            |       |       |     7 |       ||     7
   Stab: Paralysed         |       |       |     4 |       ||     4
 Armour: Chain mail        |    19 |    49 |   165 |     3 ||   236
         Robe              |     1 |       |       |       ||     1
         Skin              |     6 |     2 |       |       ||     8
  Dodge: Dodged            |    16 |    24 |    84 |     5 ||   129

Table legend: (Time is in decaauts)
 A = Elapsed time spent in this place.
 B = Non-inter-level travel time spent in this place.
 C = Inter-level travel time spent in this place.
 D = Time resting spent in this place.
 E = Time spent auto-exploring this place.
 F = Levels seen in this place.
 G = Mean time per level.
                   A        B        C        D        E       F      G
               +--------+--------+--------+--------+--------+-----+--------+
         Total |   7580 |   7405 |    175 |   1029 |   4935 |  10 |  758.0 |
       Dungeon |   6891 |   6736 |    155 |   1029 |   4600 |   8 |  861.4 |
        Temple |     45 |     25 |     20 |      0 |     10 |   1 |   45.0 |
         Sewer |    643 |    643 |      0 |      0 |    324 |   1 |  643.0 |
               +--------+--------+--------+--------+--------+-----+--------+

Top non-repeatable levels by time:
     D:5: 1513 daAuts
     D:7: 944 daAuts
     D:6: 842 daAuts
     D:3: 772 daAuts
     D:2: 754 daAuts
     D:1: 725 daAuts
     D:8: 714 daAuts
   Sewer: 643 daAuts
     D:4: 625 daAuts
  Temple: 45 daAuts
